 Dungeon Crawl Stone Soup version 0.22-a0 (webtiles) character file.

12804 terra52 the Fighter (level 11, -3/87 HPs)
             Began as a Demonspawn Gladiator on Dec 31, 2017.
             Was a High Priest of Vehumet.
             Engulfed by an ice statue's freezing vapour (12 damage)
             ... in an ice cave.
             The game lasted 00:51:23 (9289 turns).

terra52 the Fighter (Demonspawn Gladiator)          Turns: 9289, Time: 00:51:23

Health: -3/87      AC: 10    Str: 21    XL:     11   Next: 67%
Magic:  0/26       EV: 16    Int: 10    God:    Vehumet [*****.]
Gold:   211        SH:  4    Dex: 21    Spells: 9/18 levels left

rFire    . . .     SeeInvis .   H - +5 demon trident (elec)
rCold    . . .     Gourm    .   S - +0 buckler
rNeg     . . .     Faith    .   N - +1 leather armour "Nedeih" {Str+6 Int-2 Dex+2 Stlth+} (curse)
rPois    .         Spirit   +   c - +2 helmet
rElec    .         Reflect  .   (no cloak)
rCorr    .         Harm     .   (no gloves)
MR       .....                  (no boots)
Stlth    ++++......             C - amulet of magic regeneration
HPRegen  0.24/turn              j - +4 ring of dexterity
MPRegen  0.65/turn              l - ring of magical power

@: no status effects
A: hooves 2, yellow scales 2, demonic guardian 1, magic shield, magic
regeneration
a: Renounce Religion


You were in an ice cave.
You worshipped Vehumet.
Vehumet was extremely pleased with you.
You were not hungry.

You visited 4 branches of the dungeon, and saw 14 of its levels.
You also visited: Sewer and Ice Cave.

You collected 751 gold pieces.
You spent 540 gold pieces at shops.

Inventory:

Hand Weapons
 a - a +0 rapier
 B - a +0 dagger of electrocution
 H - a +5 demon trident of electrocution (weapon)
 J - a +2 dagger of venom
 K - a +0 trident
 L - a +4 dagger of chaos
Missiles
 n - 3 javelins (quivered)
Armour
 b - a +0 leather armour
 c - a +2 helmet (worn)
 d - a +0 pair of boots
 o - a cursed +0 ring mail
 p - a +2 robe of magic resistance
 D - a +0 ring mail of poison resistance
 M - a +2 robe of fire resistance
 N - the cursed +1 leather armour "Nedeih" (worn) {Str+6 Int-2 Dex+2 Stlth+}
   (You took it off an orc wizard on level 9 of the Dungeon)

   It affects your strength (+6).
   It affects your intelligence (-2).
   It affects your dexterity (+2).
   It makes you more stealthy.
   It has a curse placed upon it.
 O - a cursed +0 chain mail
 P - a +0 troll leather armour
 S - a +0 buckler (worn)
 T - the +1 chain mail of Honour {rC+}
   (You found it on level 11 of the Dungeon)

   It protects you from cold.
Magical Staves
 x - an uncursed staff of air {unknown}
Jewellery
 j - a +4 ring of dexterity (left hand)
 l - a ring of magical power (right hand)
 C - an amulet of magic regeneration (around neck)
Wands
 y - a wand of flame (44)
 E - a wand of disintegration (15)
 F - a wand of paralysis (10)
 R - a wand of iceblast (14)
 V - a wand of random effects (34)
Scrolls
 e - 10 scrolls of remove curse
 i - a scroll of amnesia
 k - a scroll of identify
 m - 3 scrolls of fear
 r - 3 scrolls of blinking
 t - a scroll of teleportation
 u - 4 scrolls of magic mapping
 A - 2 scrolls of random uselessness
 I - a scroll of holy word {unknown}
Potions
 g - 6 potions of curing
 h - 3 potions of heal wounds
 q - a potion of magic
 s - 4 potions of might
 v - 3 potions of haste
 z - a potion of cancellation
 U - a potion of flight {unknown}
Books
 G - a book of Minor Magic

   Spells                             Type                      Level
   a - Magic Dart                     Conjuration                  1
   b - Blink                          Translocation                2
   c - Call Imp                       Summoning                    2
   d - Slow                           Hexes                        2
   e - Conjure Flame                  Conjuration/Fire             3
   f - Mephitic Cloud                 Conjuration/Poison/Air       3
 Q - a book of Spatial Translocations

   Spells                             Type                      Level
   a - Blink                          Translocation                2
   b - Shroud of Golubria             Charms/Translocation         2
   c - Lesser Beckoning               Translocation                3
   d - Gell's Gravitas                Translocation                3
   e - Teleport Other                 Translocation                3
   f - Passage of Golubria            Translocation                4
Miscellaneous
 w - a phial of floods (inert)
Comestibles
 f - 17 rations


   Skills:
 - Level 8.9 Fighting
 - Level 6.1 Short Blades
 + Level 8.8 Polearms
 - Level 2.0 Throwing
 - Level 1.0 Armour
 - Level 6.1 Dodging
 - Level 6.2 Stealth
 - Level 4.1 Spellcasting
 - Level 4.3 Conjurations
 - Level 3.7 Fire Magic
 - Level 2.2 Air Magic
 - Level 1.9 Poison Magic
 - Level 0.6 Evocations


You had 9 spell levels left.
You knew the following spells:

 Your Spells              Type           Power        Failure   Level  Hunger
a - Flame Tongue          Conj/Fire      ##...        2%          1    #......
b - Sandblast             Erth           #.....       13%         1    #......
c - Force Lance           Conj/Tloc      #.......     45%         4    #####..
d - Mephitic Cloud        Conj/Pois/Air  #.......     13%         3    ###....


Dungeon Overview and Level Annotations

Branches:
Dungeon (11/15)            Temple (1/1) D:7            Lair (1/6) D:10
    Orc (1/2) D:9

Altars:
Ashenzari
Cheibriados
Dithmenos
Elyvilon
Fedhas
Gozag
Nemelex Xobeh
Vehumet

Shops:
D:4 (

Annotations:
D:11 1 runed door IceCv exclusion: 2 ice statues


Innate Abilities, Weirdness & Mutations

You have hoof-like feet.
You are mostly covered in yellow scales. (AC +3)
A weak demonic guardian rushes to your aid.
When hurt, damage is shared between your health and your magic reserves.
You regenerate magic rapidly.


Message History

Your iron imp is engulfed in freezing vapours.
Your iron imp barely misses the ice beast.
Unknown command.
You puncture the ice statue!
The ice statue is almost destroyed.
You are engulfed in freezing vapours.
* * * LOW HITPOINT WARNING * * *
The ice statue gestures.
The ice beast misses you.
Unknown command.
You hit the ice statue but do no damage.
You kick the ice statue.
The ice statue is almost destroyed.
You are engulfed in freezing vapours.
* * * LOW HITPOINT WARNING * * *
Your iron imp is engulfed in freezing vapours.
Your iron imp barely misses the ice beast.
The ice beast completely misses you.
You are engulfed in freezing vapours.
You die...

##...# ##...#
##...## #...##
#..## ##..##
##..# ##.§####
#8#...@#8###
#.....§§Y.Y#
#.....§§5....#
#≈......§.......
##..........#...
#..........## .#
##........## #
##...##### ####


You could see 2 ice beasts and a friendly iron imp.

Vanquished Creatures
  The ghost of zeke the Cleaver, a journeyman MiFi of Okawaru (D:10)
  The ghost of oldriver the Thaumaturge, a journeyman DrAE of Vehumet (D:9)
  A two-headed ogre (D:9)
  Psyche (D:8)
  6 trolls
  A hornet (D:11)
  Grinder (D:3)
  2 hippogriffs
  7 yaks
  2 wyverns
  Grum (D:8)
  A warg (D:9)
  Edmund (D:5)
  2 water moccasins
  6 orc warriors
  12 ice beasts
  3 black bears
  2 sky beasts
  3 ogres
  4 wolves (D:8)
  3 centaurs
  A big kobold (D:8)
  2 bullfrogs
  3 scorpions
  13 killer bees
  7 wights
  A howler monkey (D:5)
  3 centaur zombies
  3 crimson imps
  2 bullfrog zombies
  A quasit (D:5)
  6 jellies
  6 hounds
  2 bullfrog skeletons
  4 orc priests
  A gnoll shaman (D:6)
  7 orc wizards
  A centaur skeleton (D:3)
  3 iguanas
  Jessica (D:2)
  6 worker ants
  A hound zombie (D:5)
  A hound skeleton (D:4)
  A worker ant zombie (D:6)
  Robin (D:3)
  16 gnolls
  6 adders
  4 shadow imps
  3 white imps (IceCv)
  8 ufetubi (IceCv)
  An adder skeleton (D:6)
  4 worms
  A dart slug (D:2)
  3 leopard geckos
  38 orcs
  8 giant cockroaches
  16 goblins
  12 hobgoblins
  5 jackals
  A jackal (shapeshifter) (D:9)
  5 kobolds
  4 quokkas
  3 ball pythons
  7 bats
  11 frilled lizards
  A leopard gecko skeleton (D:4)
  A quokka zombie (D:5)
  8 rats
  A butterfly (D:7)
305 creatures vanquished.

Vanquished Creatures (collateral kills)
  An ugly thing (D:11)
  A hippogriff (D:9)
  3 yaks (D:9)
  Purgy (Sewer)
  A sky beast (D:8)
  An eye of draining (D:11)
  2 ogres
  A big kobold (D:7)
  A bullfrog (D:10)
  A crimson imp (D:5)
  A worker ant (D:5)
  A gnoll (D:7)
  An adder (D:7)
  A shadow imp (D:5)
  An orc (Orc:1)
  A kobold (D:7)
19 creatures vanquished.

Vanquished Creatures (others)
  A white imp (IceCv)
  An ufetubus (IceCv)
  A quokka (D:5)
  3 fungi (D:10)
  A plant (D:10)
7 creatures vanquished.

Grand Total: 331 creatures vanquished

Notes
Turn   | Place    | Note
-------+----------+-------------------------------------------
     0 | D:1      | terra52 the Demonspawn Gladiator began the quest for the Orb.
     0 | D:1      | Reached XP level 1. HP: 16/16 MP: 1/1
   225 | D:1      | Gained mutation: You have large cloven feet. [demonic ancestry]
   225 | D:1      | Reached XP level 2. HP: 21/22 MP: 2/2
   520 | D:2      | Noticed Jessica
   527 | D:2      | Killed Jessica
   527 | D:2      | Gained mutation: When hurt, damage is shared between your health and your magic reserves. [demonic ancestry]
   527 | D:2      | Reached XP level 3. HP: 28/28 MP: 3/3
   880 | D:2      | Reached XP level 4. HP: 34/34 MP: 4/4
   961 | D:3      | Noticed Grinder
   979 | D:3      | Paralysed by Grinder for 2 turns
  1001 | D:2      | Reached skill level 1 in Stealth
  1009 | D:3      | Paralysed by Grinder for 4 turns
  1013 | D:3      | Killed Grinder
  1013 | D:3      | Reached skill level 1 in Armour
  1013 | D:3      | Gained mutation: You regenerate magic rapidly. [demonic ancestry]
  1013 | D:3      | Reached XP level 5. HP: 24/41 MP: 5/5
  1013 | D:3      | Gained mutation: A weak demonic guardian rushes to your aid. [demonic ancestry]
  1013 | D:3      | Reached XP level 6. HP: 27/47 MP: 6/6
  1231 | D:3      | Noticed Robin
  1426 | D:3      | Found a glowing drain.
  1436 | D:3      | Killed Robin
  1445 | Sewer    | Entered a sewer
  1523 | Sewer    | Noticed Purgy
  1549 | Sewer    | Killed Purgy
  1549 | Sewer    | Reached skill level 5 in Short Blades
  1667 | D:3      | Found a blossoming altar of Fedhas.
  1692 | D:3      | Reached XP level 7. HP: 38/54 MP: 7/7
  2108 | D:3      | You fall through a shaft for 2 floors!
  2108 | D:5      | Entered Level 5 of the Dungeon
  2394 | D:4      | Reached skill level 5 in Fighting
  2426 | D:4      | Found Vyecaik's Antique Weapon Boutique.
  2449 | D:4      | Found a radiant altar of Vehumet.
  2459 | D:4      | Became a worshipper of Vehumet
  2935 | D:4      | Reached XP level 8. HP: 62/62 MP: 8/8
  3540 | D:5      | Noticed Edmund
  3555 | D:5      | Killed Edmund
  3871 | D:5      | Found a white marble altar of Elyvilon.
  4002 | D:6      | Found a shadowy altar of Dithmenos.
  4122 | D:6      | Reached * piety under Vehumet
  4122 | D:6      | Offered knowledge of Flame Tongue by Vehumet.
  4122 | D:6      | Reached skill level 5 in Dodging
  4125 | D:6      | Learned a level 1 spell: Flame Tongue
  4313 | D:6      | Reached skill level 1 in Fire Magic
  4817 | D:7      | Found a staircase to the Ecumenical Temple.
  4826 | Temple   | Entered the Ecumenical Temple
  4904 | D:7      | Reached skill level 1 in Spellcasting
  4936 | D:7      | Gained mutation: You have hoof-like feet. [demonic ancestry]
  4936 | D:7      | Reached XP level 9. HP: 52/72 MP: 10/10
  4952 | D:7      | Reached skill level 1 in Conjurations
  5008 | D:7      | Noticed a troll
  5018 | D:7      | Killed a troll
  5405 | D:7      | Reached skill level 5 in Stealth
  5431 | D:7      | Found a shattered altar of Ashenzari.
  5453 | D:7      | Reached ** piety under Vehumet
  5456 | D:7      | Offered knowledge of Sandblast by Vehumet.
  5465 | D:7      | Learned a level 1 spell: Sandblast
  5863 | D:8      | Found a snail-covered altar of Cheibriados.
  5940 | D:8      | Noticed Psyche
  5945 | D:8      | Killed Psyche
  5949 | D:8      | Gained mutation: You are partially covered in yellow scales. (AC +2) [demonic ancestry]
  5949 | D:8      | Reached XP level 10. HP: 36/82 MP: 14/14
  6048 | D:8      | Noticed Grum
  6054 | D:8      | Killed Grum
  6280 | D:9      | Offered knowledge of Dazzling Spray by Vehumet.
  6316 | D:9      | Found a staircase to the Orcish Mines.
  6347 | D:9      | You fall through a shaft for 2 floors!
  6361 | D:10     | Entered Level 10 of the Dungeon
  6378 | D:10     | Reached *** piety under Vehumet
  6468 | D:10     | Noticed zeke's ghost (journeyman MiFi)
  6511 | D:11     | Noticed a green ugly thing
  6554 | D:11     | Found a white marble altar of Elyvilon.
  6554 | D:11     | Noticed an angel
  6617 | D:11     | HP: 4/82 [something (5)]
  6669 | D:11     | Offered knowledge of Fulminant Prism by Vehumet.
  6847 | D:4      | Bought a glowing demon trident for 540 gold pieces
  7019 | D:9      | Noticed oldriver's ghost (journeyman DrAE)
  7047 | D:9      | Reached skill level 1 in Polearms
  7066 | D:9      | Noticed a two-headed ogre
  7176 | D:9      | Killed a two-headed ogre
  7177 | D:9      | Reached skill level 5 in Polearms
  7415 | D:9      | Killed oldriver's ghost
  7453 | D:9      | Gained mutation: You are mostly covered in yellow scales. (AC +3) [demonic ancestry]
  7453 | D:9      | Reached XP level 11. HP: 36/87 MP: 16/16
  7662 | D:9      | Reached **** piety under Vehumet
  7669 | D:9      | Got a faintly glowing leather armour
  7670 | D:9      | Identified the cursed +1 leather armour "Nedeih" {Str+6 Int-2 Dex+2 Stlth+} (You took it off an orc wizard on level 9 of the Dungeon)
  7715 | D:9      | Found a sparkling altar of Nemelex Xobeh.
  7894 | Orc:1    | Entered Level 1 of the Orcish Mines
  7949 | Orc:1    | Noticed an orc knight
  7960 | Orc:1    | Offered knowledge of Force Lance by Vehumet.
  7968 | D:9      | Learned a level 4 spell: Force Lance
  8284 | D:11     | Killed a green ugly thing
  8399 | D:11     | Learned a level 3 spell: Mephitic Cloud
  8430 | D:11     | Found a runed door.
  8486 | D:11     | Identified the +1 chain mail of Honour {rC+} (You found it on level 11 of the Dungeon)
  8515 | D:10     | Found an opulent altar of Gozag.
  8633 | D:10     | Reached skill level 1 in Poison Magic
  8653 | D:10     | Reached skill level 1 in Air Magic
  9008 | D:10     | Killed zeke's ghost
  9111 | D:10     | Found a staircase to the Lair.
  9125 | Lair:1   | Entered Level 1 of the Lair of Beasts
  9166 | Lair:1   | Found a frozen archway.
  9195 | Lair:1   | Reached ***** piety under Vehumet
  9212 | IceCv    | Entered an ice cave
  9234 | IceCv    | Offered knowledge of Throw Icicle by Vehumet.
  9289 | IceCv    | Engulfed by an ice statue's freezing vapour

Vault maps used:
D:1:      dpeg_arrival_boxorama
D:2:      minmay_nonomino_d4, uniq_jessica
D:3:      lemuel_round_altar, portal_sewer_entry_f, uniq_grinder, uniq_robin
D:4:      vehumet_altar_wand_db, serial_shops,
          nicolae_shop_temple_entry_statues_fountains, serial_bayou_pond_d,
          kennysheep_generic_room_13
D:5:      elyvilon_altar_4, first_ration, uniq_edmund
D:6:      nicolae_dithmenos_shadow_blocks
D:7:      ashenzari_altar_1, minmay_temple_entry_butterflies
D:8:      slow_altar_2, blue_anna_alchemist, uniq_psyche, uniq_grum
D:9:      erik_orc_3, nemelex_spade_bored_becter
D:10:     wad_pebble_path, grunt_lair_entry_orc_guard_hut,
          nicolae_gozag_cash_rules_everything_around_me
D:11:     minmay_misc_feat_more_columns, minivault_23, grunt_decor_clamped,
          lemuel_angel_altar
Temple:   eino_temple_scatter_basement
Lair:1:   portal_ice_cave_entry_ice_beasts, minivault_11, st_stairs_10,
          grunt_megastairs_1
Orc:1:    basic_altar, uniq_harold
Sewer:    sewer_co_purgy_island
IceCv:    ice_cave_small_demon

Skill      XL: |  1  2  3  4  5  6  7  8  9 10 11 |
---------------+----------------------------------+-----
Short Blades   | 3 4 5 6 |  6.1
Throwing       | 2 |  2.0
Dodging        | 3 4 5 6 |  6.1
Stealth        | 2 4 5 6 |  6.2
Fighting       | 3 4 5 7 8 |  8.9
Armour         | 1 |  1.0
Fire Magic     | 1 3 |  3.7
Spellcasting   | 1 2 3 4 |  4.1
Conjurations   | 3 4 |  4.3
Polearms       | 6 8 |  8.8
Poison Magic   | 1 |  1.9
Air Magic      | 2 |  2.2
Evocations     | |  0.6

Action                   |  1- 3 |  4- 6 |  7- 9 | 10-12 || total
-------------------------+-------+-------+-------+-------++-------
Melee: Rapier            |    85 |   187 |   309 |       ||   581
       Kick              |    10 |    66 |   139 |   145 ||   360
       Dagger            |       |       |    83 |   137 ||   220
       Demon trident     |       |       |       |   276 ||   276
Throw: Javelin           |       |    10 |     3 |       ||    13
       Throwing net      |       |     3 |       |       ||     3
 Cast: Flame Tongue      |       |       |    29 |    10 ||    39
       Mephitic Cloud    |       |       |       |     5 ||     5
Evoke: Wand              |       |       |     2 |     8 ||    10
       Phial of floods   |       |       |       |     1 ||     1
  Use: Potion            |       |     3 |     1 |       ||     4
       Scroll            |       |     1 |     5 |    16 ||    22
 Stab: Sleeping          |     2 |     1 |    12 |     9 ||    24
       Held in net/web   |       |     1 |       |       ||     1
       Distracted        |       |       |     7 |     3 ||    10
       Paralysed         |       |       |     1 |       ||     1
       Confused          |       |       |       |     2 ||     2
  Eat: Chunk             |       |     3 |    15 |    11 ||    29
       Ration            |       |       |       |     1 ||     1
Armor: Leather armour    |    19 |       |       |    35 ||    54
       Robe              |     8 |    36 |    62 |    42 ||   148
Dodge: Dodged            |    47 |   134 |   267 |   264 ||   712
Block: Buckler           |       |       |       |    17 ||    17

Table legend:
 A = Spawn XP
 B = Non-spawn XP
 C = Spawn XP percentage of total XP
 D = Spawn monster count
 E = Non-spawn monster count
 F = Spawn count percentage of total count
 G = Total turns spent on level
                    A         B        C        D         E        F      G
               +---------+---------+-------+---------+---------+-------+---------
         Total |       0 |   18292 |   0.0 |       0 |     323 |   0.0 |  9289
               +---------+---------+-------+---------+---------+-------+---------
           D:1 |       0 |      22 |   0.0 |       0 |      16 |   0.0 |   408
           D:2 |       0 |     108 |   0.0 |       0 |      20 |   0.0 |   588
           D:3 |       0 |     522 |   0.0 |       0 |      52 |   0.0 |  1115
           D:4 |       0 |     250 |   0.0 |       0 |      13 |   0.0 |   976
           D:5 |       0 |    1027 |   0.0 |       0 |      22 |   0.0 |   913
           D:6 |       0 |     481 |   0.0 |       0 |      15 |   0.0 |   879
           D:7 |       0 |    1628 |   0.0 |       0 |      31 |   0.0 |   857
           D:8 |       0 |    1864 |   0.0 |       0 |      22 |   0.0 |   640
           D:9 |       0 |    4252 |   0.0 |       0 |      37 |   0.0 |  1026
          D:10 |       0 |    4141 |   0.0 |       0 |      43 |   0.0 |  1047
          D:11 |       0 |    2132 |   0.0 |       0 |      16 |   0.0 |   482
        Lair:1 |       0 |    1010 |   0.0 |       0 |       8 |   0.0 |    87
         Orc:1 |       0 |     634 |   0.0 |       0 |      11 |   0.0 |    70
         Sewer |       0 |     133 |   0.0 |       0 |       6 |   0.0 |   122
         IceCv |       0 |      88 |   0.0 |       0 |      11 |   0.0 |    77
               +---------+---------+-------+---------+---------+-------+---------
